 Dungeon Crawl Stone Soup version 0.25.1-2-g60ff931df9 (webtiles) character file.

Game seed: 7635047178925411209

517 Hoov3r the Chopper (level 7, -2/61 HPs)
             Began as a Minotaur Berserker on Oct 14, 2020.
             Was a Believer of Trog.
             Killed from afar by an orc (12 damage)
             ... with an iceblast
             ... on level 4 of the Dungeon on Oct 15, 2020.
             The game lasted 00:38:40 (3145 turns).

Hoov3r the Chopper (Minotaur Berserker)             Turns: 3145, Time: 00:38:41

Health: -2/61      AC:  7    Str: 24    XL:     7   Next: 0%
Magic:  6/6        EV: 12    Int:  4    God:    Trog [**....]
Gold:   132        SH:  0    Dex:  9    Spells: 6/6 levels left

rFire    . . .     SeeInvis .   A - +0 battleaxe
rCold    . . .     Gourm    .   (shield currently unavailable)
rNeg     . . .     Faith    .   b - +0 ring mail
rPois    .         Spirit   .   (helmet restricted)
rElec    .         Reflect  .   (no cloak)
rCorr    .         Harm     .   h - +0 pair of gloves (curse)
MR       ++...                  (no boots)
Stlth    ..........             (no amulet)
HPRegen  1.20/turn              (no ring)
MPRegen  0.10/turn              (no ring)

@: regenerating
A: retaliatory headbutt, horns 2
a: Berserk, Trog's Hand, Renounce Religion


You were on level 4 of the Dungeon.
You worshipped Trog.
Trog was pleased with you.
You were not hungry.

You visited 1 branch of the dungeon, and saw 4 of its levels.

You collected 132 gold pieces.

Inventory:

Hand Weapons
 y - a +0 arbalest
 A - a +0 battleaxe (weapon)
Missiles
 e - 34 bolts
 g - 51 arrows
 t - 5 stones (quivered)
Armour
 b - a +0 ring mail (worn)
 h - a cursed +0 pair of gloves (worn)
Jewellery
 i - a cursed ring of attention {unknown}
 v - a +4 ring of evasion {unknown}
Wands
 a - a wand of paralysis (7)
 r - a wand of flame (9)
Scrolls
 j - 2 scrolls of remove curse {unknown}
 k - 4 scrolls of identify {unknown}
 n - 2 scrolls of magic mapping {unknown}
 o - a scroll of fear {unknown}
 p - a scroll of noise {unknown}
 s - a scroll of amnesia {unknown}
 u - a scroll of teleportation {unknown}
Potions
 f - a potion of might {unknown}
 l - 2 potions of curing {unknown}
 m - a potion of mutation {unknown}
 q - a potion of haste {unknown}
 w - a potion of degeneration
 x - a potion of ambrosia {unknown}
Comestibles
 c - 2 rations
 d - a chunk of flesh


   Skills:
 + Level 5.4 Fighting
 * Level 6.4(6.5) Axes
   Level 1.5(4.3) Maces & Flails
 + Level 4.5 Armour
 + Level 4.1 Dodging


You had 6 spell levels left.
You didn't know any spells.
Your spell library was empty.

Dungeon Overview and Level Annotations

Branches:
Dungeon (4/15)
 Temple: D:4-7

Altars:
Trog
Xom


Innate Abilities, Weirdness & Mutations

You reflexively headbutt those who attack you in melee.
You have a pair of horns on your head.


Message History

d - 2 chunks of flesh You see here the felid skeleton of Natasha.
Eat one of 2 chunks of flesh? (ye/n/q)
You eat one of the 2 chunks of flesh.
This raw flesh tastes terrible.
You see here the felid skeleton of Natasha.
t - 3 stones (gained 1)
t - 5 stones (gained 2)
An orc comes into view.
It is wielding a +0 flail and carrying a wand of iceblast (11).
The orc throws a boomerang.
The boomerang misses you.
The weapon returns to the orc!
The orc zaps a wand.
The mass of ice explodes!
The iceblast engulfs you!
The orc zaps a wand.
The mass of ice explodes!
The iceblast engulfs you!
* * * LOW HITPOINT WARNING * * *
Your skin crawls.
You feel resistant to hostile enchantments.
You feel quite a bit more hungry.
The orc zaps a wand.
The mass of ice explodes!
The iceblast engulfs you!
* * * LOW HITPOINT WARNING * * *
The orc zaps a wand.
The mass of ice explodes!
The iceblast engulfs you!
You die...

..## ...# #.. ##.##
... #..... ##.## #.#
#..... ##.### #.#
#....# ##..# #.#
#....# ##.# #.# #....#
# #.## #o# #...# ##
##.### #@####...# .#
##..# #........## .##
#..## #.........# ..#
#...# ###.......# .##
##...# #####.รท.# .#
##...## ##...########
.# ##..###
#########...........#
.####..##
##............#...####
......##
#...........###..##


You could see an orc.

Vanquished Creatures
  A phantom (D:4)
  An ogre (D:4)
  Blork the orc (D:4)
  Natasha (twice) (D:4)
  A worker ant (D:4)
  2 iguanas (D:4)
  Robin (D:3)
  6 adders (D:3)
  3 worms
  3 dart slugs
  2 leopard geckos
  7 orcs
  6 bats
  6 giant cockroaches
  12 goblins
  5 hobgoblins
  3 ball pythons
  6 frilled lizards
  6 kobolds
  5 rats
79 creatures vanquished.

Vanquished Creatures (others)
  An ogre (D:4)
  A howler monkey (D:4)
  A hound (D:4)
  An adder (D:4)
  A leopard gecko (D:4)
  An orc (D:4)
6 creatures vanquished.

Grand Total: 85 creatures vanquished

Notes
Turn   | Place    | Note
-------+----------+-------------------------------------------
     0 | D:1      | Hoov3r the Minotaur Berserker began the quest for the Orb.
     0 | D:1      | Reached XP level 1. HP: 19/19 MP: 0/0
   290 | D:1      | Reached XP level 2. HP: 23/27 MP: 1/1
   351 | D:1      | Reached skill level 4 in Axes
  1061 | D:3      | Reached XP level 3. HP: 33/33 MP: 2/2
  1297 | D:3      | Noticed Robin
  1312 | D:3      | Reached skill level 1 in Maces & Flails
  1313 | D:3      | Reached ** piety under Trog
  1324 | D:3      | Killed Robin
  1324 | D:3      | Reached XP level 4. HP: 40/40 MP: 3/3
  1948 | D:3      | Reached XP level 5. HP: 47/47 MP: 4/4
  2024 | D:3      | Found a bloodstained altar of Trog.
  2242 | D:4      | Reached skill level 5 in Axes
  2333 | D:4      | Killed an ogre
  2351 | D:4      | Noticed an ogre
  2354 | D:4      | Noticed Natasha
  2359 | D:4      | Noticed a phantom
  2360 | D:4      | Killed an ogre
  2365 | D:4      | Killed Natasha
  2365 | D:4      | Reached XP level 6. HP: 50/55 MP: 5/5
  2374 | D:4      | Reached skill level 5 in Fighting
  2571 | D:4      | Found a shimmering altar of Xom.
  2664 | D:4      | Reached skill level 6 in Axes
  2808 | D:4      | Noticed Blork the orc
  2825 | D:4      | Killed Blork the orc
  3106 | D:4      | Noticed Natasha
  3118 | D:4      | Killed Natasha
  3118 | D:4      | Reached XP level 7. HP: 30/61 MP: 6/6
  3145 | D:4      | Killed from afar by an orc

Illustrated notes

Levels and vault maps discovered:
D:1:      giann_bridges, layout_loops_cross, minmay_pentomino_t2
D:2:      layout_basic, first_ration
D:3:      layout_loops_ring, trog_book, uniq_robin
D:4:      black_bear_nest_1, layout_layer_cave, xom_confusion_cloud, uniq_ijyb,
          uniq_blork_the_orc, uniq_natasha

Skill      XL: |  1  2  3  4  5  6 |
---------------+-------------------+-----
Axes           | 4 5 6 |  6.4
Fighting       | 4 5 |  5.4
Armour         | 3 4 |  4.5
Maces & Flails | 1 |  1.5
Dodging        | 3 4 |  4.1

Action                   |  1- 3 |  4- 6 |  7- 9 || total
-------------------------+-------+-------+-------++-------
Melee: Hand axe          |    16 |    89 |       ||   105
       Mace              |    65 |     7 |       ||    72
       Headbutt          |     8 |    24 |       ||    32
       Battleaxe         |       |     5 |       ||     5
Throw: Stone             |       |     4 |       ||     4
Invok: Berserk           |     1 |     1 |       ||     2
       Trog's Hand       |       |     1 |     1 ||     2
  Use: Scroll            |     1 |       |       ||     1
       Potion            |     1 |       |       ||     1
  Eat: Chunk             |     1 |     1 |     1 ||     3
       Ration            |       |     2 |       ||     2
Armor: Animal skin       |    11 |       |       ||    11
       Ring mail         |    11 |    30 |       ||    41
Dodge: Dodged            |    49 |    52 |     1 ||   102
